 Dungeon Crawl Stone Soup version 0.18-a0-867-gfd1cc8f (webtiles) character file.

12813 Gorice the Spear-Bearer (level 11, -4/80 HPs)
             Began as an Octopode Wanderer on Dec 20, 2015.
             Was a High Priest of Pakellas.
             Slain by a polar bear (14 damage)
             ... in an ice cave on Dec 21, 2015.
             The game lasted 01:30:12 (16579 turns).

Gorice the Spear-Bearer (Octopode Wanderer)        Turns: 16579, Time: 01:30:13

Health: -4/80      AC:  3    Str: 12    XL:     11   Next: 99%
Magic:  16/16      EV: 19    Int: 16    God:    Pakellas [*****.]
Gold:   603        SH:  0    Dex: 18    Spells: 0 memorised, 14 levels left

rFire  x . .     SeeInvis .     a - +2 trident (venom)
rCold  + . .     Gourm    .     (no shield)
rNeg   . . .     Faith    .     r - +2 hat
rPois  .         Spirit   .     Q - amulet of regeneration
rElec  .         Dismiss  .     f - +5 ring of dexterity
rCorr  .         Reflect  .     k - ring of protection from magic
SustAt .         Harm     .     o - ring of ice
MR     +....                    (no ring)
Stlth  ++++......               (no ring)
                                (no ring)
                                (no ring)
                                (no ring)

@: somewhat resistant to hostile enchantments, stealthy
A: almost no armour, amphibious, 8 rings, constrict 8, camouflage 1, gelatinous
body 1
a: Quick Charge, Device Surge, Renounce Religion


You were in an ice cave.
You worshipped Pakellas.
Pakellas was extremely pleased with you.
You were not hungry.

You visited 3 branches of the dungeon, and saw 13 of its levels.
You also visited: Ice Cave.

You collected 1140 gold pieces.
You spent 537 gold pieces at shops.

Inventory:

Hand Weapons
 a - a +2 trident of venom (weapon)
   (You took it off a gnoll sergeant on level 7 of the Dungeon)
 b - a +1 arbalest of evasion
   (You found it on level 7 of the Dungeon)
 w - a +0 glaive
Missiles
 e - 15 tomahawks (quivered)
 y - 6 steel bolts
 H - 25 bolts
 Y - a throwing net
Armour
 r - a +2 hat (worn)
Rods
 S - a +3 rod of the swarm (14/14) {!a}
   (Pakellas gifted it to you on level 9 of the Dungeon)
Jewellery
 f - a +5 ring of dexterity (left tentacle)
 k - a ring of protection from magic (right tentacle)
 o - a ring of ice (on tentacle)
 s - an uncursed amulet of rage
 Q - an amulet of regeneration (around mantle)
Wands
 j - a wand of disintegration (11/24)
 B - a wand of frost (23/48)
 F - a wand of enslavement (2/24)
 M - a wand of flame (24/48)
Scrolls
 p - a scroll of fear {!r}
 C - a scroll of remove curse
 I - 3 scrolls of blinking
 N - 5 scrolls of teleportation {!r}
 O - a scroll of fog {unknown}
 T - 2 scrolls of identify
Potions
 c - 2 potions of flight
 g - a potion of resistance {unknown}
 h - a potion of beneficial mutation {unknown}
 l - a potion of ambrosia {!q}
 q - 2 potions of magic {!q}
 t - a potion of haste {!q}
 x - a potion of cancellation {!q}
 D - a potion of agility {!q}
 G - 6 potions of curing
 J - 4 potions of might {!q}
 R - a potion of lignification {!q}
Comestibles
 d - 13 bread rations {!e}
 i - a chunk of flesh
 E - a beef jerky


   Skills:
 + Level 9.0 Fighting
 + Level 12.2 Polearms
 + Level 8.9 Dodging
 - Level 5.3 Stealth
 - Level 2.0 Spellcasting
   Level 1.0 Ice Magic
 + Level 7.4 Evocations


You had 14 spell levels left.
You didn't know any spells.

Dungeon Overview and Level Annotations

Branches:
Dungeon (11/15)            Temple (1/1) D:7             Orc (1/2) D:9
   Lair: D:8-11

Altars:
Ashenzari
Cheibriados
Dithmenos
Elyvilon
Fedhas
Gozag
Kikubaaqudgha
Makhleb
Nemelex Xobeh
Okawaru
Pakellas
Qazlal
Sif Muna
Trog
Vehumet
Xom
Yredelemnul
Zin
The Shining One

Shops:
D:4 !   D:7 [   D:9 !   D:10 =(*[?

Annotations:
D:11 Fannar


Innate Abilities, Weirdness & Mutations

You cannot wear most types of armour.
You are amphibious.
You can wear up to eight rings at the same time.
You can use your tentacles to constrict eight enemies at once.
Your skin changes colour to match your surroundings (Stealth).
Your rubbery body absorbs attacks (AC +1).


Message History

The polar bear is lightly wounded.
Firing (i - inventory. (,) - cycle):
H - 27 bolts (quivered)
Press: ? - help, Shift-Dir - straight line, f/p - polar bear
Aim: a polar bear (lightly wounded)
You shoot a bolt. The bolt closely misses the polar bear.
Firing (i - inventory. (,) - cycle):
H - 26 bolts (quivered)
Press: ? - help, Shift-Dir - straight line, f/p - polar bear
Aim: a polar bear (lightly wounded)
You shoot a bolt. The bolt closely misses the polar bear.
You feel like more of a target.
It begins to drip with poison!
a - a +2 trident of venom (weapon)
The polar bear barely misses you. The polar bear closely misses you.
The polar bear closely misses you.
You puncture the polar bear!
The polar bear is poisoned.
Your squeeze misses the polar bear.
The polar bear is moderately wounded.
The polar bear barely misses you. The polar bear completely misses you.
The polar bear claws you.
Damage: 1 (max 1)
You hit the polar bear.
The polar bear is heavily wounded.
You puncture the polar bear!
The polar bear is severely wounded.
The polar bear goes berserk!
You puncture the polar bear!
The polar bear looks even sicker.
The polar bear is almost dead.
The polar bear barely misses you. x2
The polar bear claws you!
Damage: 7 (max 7)
You barely miss the polar bear.
The polar bear is almost dead.
The polar bear barely misses you. x3
You hit the polar bear but do no damage.
The polar bear is almost dead.
The polar bear bites you!! The polar bear claws you. The polar bear misses you.
Damage: 30 (max 30)
You hit the polar bear. Your squeeze misses the polar bear.
The polar bear is almost dead.
The polar bear bites you!!
* * * LOW HITPOINT WARNING * * *
The polar bear barely misses you. The polar bear claws you.
* * * LOW HITPOINT WARNING * * *
Damage: 25 (max 30) Drink which item? (? for menu, Esc to quit)
Really quaff
P - a potion of heal wounds {!q}?
You feel much better. The polar bear bites you!!
* * * LOW HITPOINT WARNING * * *
The polar bear closely misses you. The polar bear barely misses you.
The polar bear bites you!
You die...

#### #..##
##...## #@.#..##
#h.##..# ####
#.(###..# ##..##
#..# #..## #....#
.(#####..#
##..... #..
#≈##.## #......
#(# #≈##..#
##...... ..
##≈≈##.###.......
#≈≈≈##..##.....#.


You could see a polar bear (berserk).

Vanquished Creatures
  Erica (D:9)
  The ghost of Kolbur the Slicer, a novice KoBe of Trog (D:9)
  An ice statue (IceCv)
  2 trolls
  10 polar bears (IceCv)
  The ghost of Kolbur the Cutter, an amateur KoBe of Trog (D:6)
  A spriggan (D:7)
  The ghost of tof the Cudgeler, an amateur OgSk (D:4)
  A wyvern (D:5)
  4 yaks (IceCv)
  5 wolves (IceCv)
  A soldier ant (D:10)
  Duvessa (D:4)
  8 ogres
  8 orc warriors
  5 ice beasts
  2 phantoms
  3 sky beasts
  7 centaurs
  2 big kobolds
  A crocodile (D:11)
  4 giant frogs
  Blork the orc (D:6)
  A gnoll sergeant (D:7)
  A water moccasin zombie (D:5)
  A wyvern skeleton (D:6)
  4 scorpions
  Dowan (D:4)
  5 wights (D:6)
  A centaur zombie (D:6)
  5 crimson imps
  2 jellies
  2 giant frog zombies
  2 giant frog skeletons
  6 iguanas
  7 orc priests
  7 hounds
  8 orc wizards
  9 worker ants
  A killer bee zombie (D:9)
  Robin (D:3)
  A worker ant zombie (D:6)
  11 gnolls
  22 adders
  A shadow imp (D:7)
  3 worms
  2 adder skeletons
  6 giant geckos
  45 orcs
  9 ball pythons
  7 bats
  5 giant cockroaches
  9 hobgoblins
  6 jackals
  19 kobolds
  6 quokkas
  6 giant newts
  14 goblins
  12 rats
319 creatures vanquished.

Vanquished Creatures (collateral kills)
  An ugly thing (D:10)
  An orc sorcerer (Orc:1)
  2 trolls
  A polar bear (IceCv)
  3 orc warriors
  A crocodile (D:8)
  An ogre (Orc:1)
  2 orc priests
  3 orcs
15 creatures vanquished.

Grand Total: 334 creatures vanquished

Notes
Turn   | Place    | Note
--------------------------------------------------------------
     0 | D:1      | Gorice the Octopode Wanderer began the quest for the Orb.
     0 | D:1      | Gorice set off with: a +2 spear, a potion of curing, a +0 dagger, a bread ration {!e}
     0 | D:1      | Reached XP level 1. HP: 14/14 MP: 3/3
    92 | D:1      | Reached XP level 2. HP: 19/19 MP: 5/5
   146 | D:1      | Reached skill level 1 in Dodging
   491 | D:1      | Reached skill level 2 in Polearms
   491 | D:1      | Reached XP level 3. HP: 24/24 MP: 6/6
   689 | D:2      | Found a glowing silver altar of Zin.
   690 | D:2      | Found a radiant altar of Vehumet.
   691 | D:2      | Found an ancient bone altar of Kikubaaqudgha.
   697 | D:2      | Found a glowing golden altar of the Shining One.
   697 | D:2      | Found a burning altar of Makhleb.
  1096 | D:2      | Reached XP level 4. HP: 26/30 MP: 7/7
  1467 | D:2      | Reached skill level 3 in Polearms
  1467 | D:2      | Reached skill level 2 in Dodging
  1601 | D:2      | Reached XP level 5. HP: 34/36 MP: 8/8
  1844 | D:3      | Noticed Robin
  1894 | D:2      | HP: 8/36 [hobgoblin[Robin] (3)]
  2184 | D:3      | Killed Robin
  2987 | D:3      | Found a white marble altar of Elyvilon.
  3128 | D:3      | Reached skill level 3 in Fighting
  3292 | D:4      | Noticed Dowan
  3295 | D:4      | Noticed Duvessa
  3300 | D:4      | HP: 10/36 [Dowan/wand of frost (6)]
  3513 | D:4      | Noticed tof's ghost (amateur OgSk)
  3559 | D:3      | Reached skill level 3 in Dodging
  3619 | D:4      | Reached skill level 4 in Polearms
  3619 | D:4      | Reached XP level 6. HP: 17/42 MP: 9/9
  3656 | D:4      | Found Deuvu's Distillery.
  3661 | D:4      | Bought a potion of heal wounds for 65 gold pieces
  3661 | D:4      | Bought a potion of degeneration for 13 gold pieces
  3687 | D:4      | HP: 11/42 [iguana (4)]
  4056 | D:4      | Found an oddly glowing altar of Pakellas.
  4062 | D:4      | Became a worshipper of Pakellas the Inventive
  4278 | D:5      | Entered Level 5 of the Dungeon
  4425 | D:5      | Reached XP level 7. HP: 42/46 MP: 10/10
  4696 | D:5      | Reached skill level 5 in Polearms
  4762 | D:5      | Noticed a wyvern
  4765 | D:5      | HP: 7/47 [wyvern (16)]
  4772 | D:5      | HP: 8/47 [hound (1)]
  4898 | D:5      | HP: 7/47 [wyvern (14)]
  4899 | D:5      | Killed a wyvern
  4899 | D:5      | Reached skill level 4 in Fighting
  4899 | D:5      | Reached skill level 4 in Dodging
  5153 | D:5      | Reached * piety under Pakellas
  5312 | D:5      | Noticed Blork the orc
  5379 | D:5      | Found an oddly glowing altar of Pakellas.
  5408 | D:6      | Found a stormy altar of Qazlal.
  5414 | D:6      | Noticed a water elemental
  5478 | D:6      | Noticed an air elemental
  5478 | D:6      | Noticed a fire elemental
  5553 | D:6      | Reached skill level 6 in Polearms
  5646 | D:6      | Noticed Kolbur's ghost (amateur KoBe)
  5776 | D:6      | HP: 12/48 [adder (4)]
  5788 | D:6      | Killed Kolbur's ghost
  5788 | D:6      | Reached XP level 8. HP: 27/54 MP: 11/11
  6378 | D:6      | Found an iron altar of Okawaru.
  6420 | D:6      | Reached skill level 7 in Polearms
  6420 | D:6      | Reached skill level 5 in Dodging
  6430 | D:6      | HP: 11/54 [wight/enchanted spear (6)]
  6432 | D:6      | Reached skill level 5 in Fighting
  7375 | D:7      | Found a staircase to the Ecumenical Temple.
  7394 | D:7      | Reached skill level 8 in Polearms
  7394 | D:7      | Reached XP level 9. HP: 54/61 MP: 12/12
  7418 | Temple   | Entered the Ecumenical Temple
  7498 | D:7      | Reached ** piety under Pakellas
  7498 | D:7      | Received a gift from Pakellas
  7835 | D:5      | Reached skill level 6 in Fighting
  7857 | D:6      | HP: 14/62 [something (6)]
  7863 | D:6      | Killed Blork the orc
  7863 | D:6      | Reached skill level 1 in Evocations
  8168 | D:5      | Reached skill level 6 in Dodging
  8370 | D:4      | Killed tof's ghost
  8370 | D:4      | Reached skill level 2 in Evocations
  8508 | D:4      | Reached skill level 9 in Polearms
  9062 | D:4      | Killed Dowan
  9066 | D:4      | Killed Duvessa
  9320 | D:4      | Bought a potion of might for 52 gold pieces
  9320 | D:4      | Bought a potion of flight for 39 gold pieces
  9320 | D:4      | Bought a potion of mutation for 32 gold pieces
  9396 | D:7      | Found Veclonump's Armour Shoppe.
  9773 | D:7      | HP: 18/63 [poisoned by a gnoll sergeant]
  9781 | D:7      | HP: 18/63 [poisoned by a gnoll sergeant]
 10033 | D:7      | Reached skill level 3 in Evocations
 10311 | D:8      | Reached XP level 10. HP: 47/69 MP: 13/13
 10475 | D:8      | Reached *** piety under Pakellas
 10636 | D:8      | Reached skill level 7 in Fighting
 10983 | D:8      | Reached skill level 4 in Evocations
 11035 | D:9      | Reached skill level 10 in Polearms
 11036 | D:9      | Found Vegulef's Distillery.
 11058 | D:9      | Bought a potion of heal wounds for 80 gold pieces
 11058 | D:9      | Bought a potion of lignification for 48 gold pieces
 11058 | D:9      | Bought a potion of heal wounds for 80 gold pieces
 11086 | D:9      | Noticed Kolbur's ghost (novice KoBe)
 11107 | D:9      | HP: 21/71 [Kolbur's ghost (9)]
 11212 | D:8      | HP: 20/71 [orc warrior/scimitar (19)]
 11308 | D:8      | Reached skill level 7 in Dodging
 11486 | D:9      | HP: 16/71 [Kolbur's ghost (14)]
 11781 | D:9      | HP: 20/71 [Kolbur's ghost (4)]
 11795 | D:9      | Noticed Erica
 12038 | D:9      | Killed Erica
 12049 | D:9      | Found a staircase to the Orcish Mines.
 12138 | D:9      | Killed Kolbur's ghost
 12177 | D:9      | Found a shattered altar of Ashenzari.
 12284 | D:9      | Reached skill level 5 in Evocations
 12424 | D:9      | Reached **** piety under Pakellas
 12424 | D:9      | Received a gift from Pakellas
 12476 | D:10     | Entered Level 10 of the Dungeon
 12476 | D:10     | Noticed a white ugly thing
 12482 | D:10     | HP: 18/71 [white ugly thing (17)]
 12849 | D:10     | Found Zyuromo's Assorted Antiques.
 12857 | D:10     | Bought a fizzy pink potion for 26 gold pieces
 13018 | D:10     | Found Bera's Jewellery Emporium.
 13088 | D:10     | Reached skill level 11 in Polearms
 13106 | D:10     | Identified a +3 rod of the swarm (14/14) {!a} (Pakellas gifted it to you on level 9 of the Dungeon)
 13112 | D:10     | Killed a white ugly thing
 13112 | D:10     | Reached XP level 11. HP: 53/77 MP: 15/15
 13271 | D:10     | Found Joselud's Weapon Shop.
 13337 | D:10     | Found Weef's Antique Armour Emporium.
 13368 | D:10     | Reached skill level 8 in Fighting
 13381 | D:10     | Found Qealuan's Magic Scroll Shop.
 13389 | D:10     | Bought a scroll of identify for 30 gold pieces
 13490 | D:10     | Reached ***** piety under Pakellas
 13814 | Orc:1    | Entered Level 1 of the Orcish Mines
 13826 | D:9      | HP: 23/77 [orc priest/mace (5)]
 13852 | D:9      | Reached skill level 6 in Evocations
 13984 | D:9      | HP: 21/77 [troll (13)]
 13984 | D:9      | HP: 7/77 [troll (14)]
 14000 | D:8      | HP: 18/77 [troll (3)]
 14113 | D:9      | Reached skill level 8 in Dodging
 15258 | D:10     | Upgraded the game from 0.18-a0-846-g91b95b1 to 0.18-a0-867-gfd1cc8f
 15263 | D:10     | Bought 28 bolts for 72 gold pieces
 15334 | D:11     | Noticed Fannar
 15390 | D:11     | Found a shadowy altar of Dithmenos.
 15397 | D:11     | Found a frozen archway.
 15430 | IceCv    | Entered an ice cave
 15684 | IceCv    | Reached skill level 12 in Polearms
 15730 | IceCv    | Reached skill level 7 in Evocations
 15732 | IceCv    | HP: 19/78 [polar bear (11)]
 15927 | IceCv    | HP: 23/78 [polar bear (3)]
 16160 | IceCv    | Noticed a frost giant
 16475 | IceCv    | Reached skill level 9 in Fighting
 16578 | IceCv    | HP: 22/80 [polar bear (22)]
 16579 | IceCv    | HP: 10/80 [polar bear (29)]
 16579 | IceCv    | Slain by a polar bear

Vault maps used:
D:1:      nicolae_arrival_washed_ashore
D:2:      grunt_temple_overflow_open, minmay_snake_closets
D:3:      elyvilon_altar_3, serial_co_window_serial, co_window_paths_b,
          co_window_of_opportunity_a, co_window_corner_a, co_window_corner_a,
          co_window_corner_a, co_window_of_opportunity_a, co_window_paths_a,
          co_window_unsneaky_path_b, co_window_broadway_b, co_window_broadway_a,
          co_window_unsneaky_path_d, co_window_paths_e, glass_columns_b,
          uniq_robin
D:4:      serial_shops, kennysheep_little_box, gup_sewer_entry_pipe,
          nicolae_ossuary_entry_monument, grunt_pakellas_basics, uniq_duvessa
D:5:      minmay_opposing_rooms, basic_altar, first_bread, uniq_blork_the_orc
D:6:      okawaru_trees_1, nicolae_overflow_hidden_temple,
          nicolae_qazlal_style_of_elements
D:7:      minmay_temple_entry_glass, serial_shops, shop, serial_aquarium,
          aquarium_bridge_straight, aquarium_bridge_long_joined,
          aquarium_window_corridor_3, aquarium_window_1, aquarium_view_2e,
          aquarium_balcony_3b, the_bakery
D:9:      david_orc_2, serial_shops, shop, cheibrodos_ashenzari_chains,
          uniq_erica
D:10:     serial_shops, shop, shop, shop, nicolae_shop_trees, nicolae_shop_trees
D:11:     erik_lair_orcish_takeover, portal_ice_cave_entry_pillars_01,
          kennysheep_flooded_box, grunt_dithmenos_smoke, uniq_fannar, uniq_snorg
Temple:   minmay_freezing_vapour_temple_12
IceCv:    ice_cave_small_giant

Action                   |  1- 3 |  4- 6 |  7- 9 | 10-12 || total
-------------------------+-------+-------+-------+-------++-------
Melee: Spear             |    62 |   170 |       |       ||   232
       Trident           |       |     3 |   284 |   475 ||   762
 Fire: Arbalest          |       |       |    70 |   119 ||   189
Throw: Tomahawk          |       |       |     5 |       ||     5
       Throwing net      |       |       |       |     1 ||     1
Invok: Quick Charge      |       |       |       |     1 ||     1
Evoke: Wand              |       |       |       |    21 ||    21
       Rod               |       |       |       |    17 ||    17
  Use: Scroll            |     1 |     6 |    11 |     5 ||    23
       Potion            |       |       |     2 |     3 ||     5
 Stab: Sleeping          |    13 |    28 |    13 |     6 ||    60
       Distracted        |       |     2 |     4 |     5 ||    11
  Eat: Chunk             |     1 |    10 |    19 |    26 ||    56

Table legend:
 A = Turns spent in this place as a percentage of turns spent in the entire game.
 B = Non-inter-level travel turns spent in this place as a percentage of non-inter-level travel turns spent in the entire game.
 C = Inter-level travel turns spent in this place as a percentage of turns spent in this place.
 D = Turns resting spent in this place as a percentage of non-inter-level travel turns spent in this place.
 E = Turns spent auto-exploring this place as a percentage of non-inter-level travel turns spent in this place.
 F = Non-inter-level travel turns spent in this place divided by the number of levels of this place that you've seen.
                   A       B       C       D       E      F
               +-------+-------+-------+-------+-------+----------------------
         Total | 100.0 | 100.0 |   0.6 |   2.4 |   3.2 | 461.9
       Dungeon |  78.8 |  78.7 |   0.8 |   2.5 |   4.0 | 462.7
        Temple |   0.0 |   0.0 |   0.0 |   0.0 |   0.0 |   2.0
  Orcish Mines |   8.5 |   8.5 |   0.2 |   1.8 |   1.3 | 552.0
      Ice Cave |  12.6 |  12.7 |   0.0 |   2.7 |   0.0 | 822.0
               +-------+-------+-------+-------+-------+----------------------

Vault maps used:
D:1:      nicolae_arrival_washed_ashore
D:2:      grunt_temple_overflow_open, minmay_snake_closets
D:3:      elyvilon_altar_3, serial_co_window_serial, co_window_paths_b,
          co_window_of_opportunity_a, co_window_corner_a, co_window_corner_a,
          co_window_corner_a, co_window_of_opportunity_a, co_window_paths_a,
          co_window_unsneaky_path_b, co_window_broadway_b, co_window_broadway_a,
          co_window_unsneaky_path_d, co_window_paths_e, glass_columns_b,
          uniq_robin
D:4:      serial_shops, kennysheep_little_box, gup_sewer_entry_pipe,
          nicolae_ossuary_entry_monument, grunt_pakellas_basics, uniq_duvessa
D:5:      minmay_opposing_rooms, basic_altar, first_bread, uniq_blork_the_orc
D:6:      okawaru_trees_1, nicolae_overflow_hidden_temple,
          nicolae_qazlal_style_of_elements
D:7:      minmay_temple_entry_glass, serial_shops, shop, serial_aquarium,
          aquarium_bridge_straight, aquarium_bridge_long_joined,
          aquarium_window_corridor_3, aquarium_window_1, aquarium_view_2e,
          aquarium_balcony_3b, the_bakery
D:9:      david_orc_2, serial_shops, shop, cheibrodos_ashenzari_chains,
          uniq_erica
D:10:     serial_shops, shop, shop, shop, nicolae_shop_trees, nicolae_shop_trees
D:11:     erik_lair_orcish_takeover, portal_ice_cave_entry_pillars_01,
          kennysheep_flooded_box, grunt_dithmenos_smoke, uniq_fannar, uniq_snorg
Temple:   minmay_freezing_vapour_temple_12
IceCv:    ice_cave_small_giant
